 Dungeon Crawl Stone Soup version 0.27-a0-1189-gb8eb6cee8e (webtiles) character file.

Game seed: 12031235702267174479

19153 kae the Severer (level 12, -1/115 HPs)
             Began as a Hill Orc Fighter on May 22, 2021.
             Was a Priest of Makhleb.
             Killed from afar by an ice statue (20 damage)
             ... with a bolt of cold
             ... in an ice cave on May 25, 2021.
             The game lasted 00:14:57 (13954 turns).

kae the Severer (Hill Orc Fighter)                 Turns: 13954, Time: 00:14:58

Health: -1/115     AC: 10    Str: 24    XL:     12   Next: 66%
Magic:  20/20      EV:  7    Int:  8    God:    Makhleb [***...]
Gold:   668        SH:  9    Dex: 10    Spells: 11/11 levels left

rFire    . . .     SeeInvis .   a - +2 war axe (spect)
rCold    . . .     Faith    .   c - +0 kite shield
rNeg     . . .     Spirit   .   b - +1 scale mail
rPois    .         Reflect  .   (no helmet)
rElec    .         Harm     .   n - +1 cloak
rCorr    .         Rampage  .   (no gloves)
Will     +....                  (no boots)
Stlth    ..........             s - amulet "Veguneygg" {Regen+ Slay+2}
HPRegen  1.29/turn              u - ring of willpower
MPRegen  0.17/turn              (no ring)

@: marked
A: no striking features
a: Renounce Religion, Minor Destruction, Lesser Servant of Makhleb


You were in an ice cave.
You worshipped Makhleb.
Makhleb was most pleased with you.
You visited 3 branches of the dungeon, and saw 14 of its levels.
You also visited: Sewer, Ossuary and Ice Cave.

You collected 668 gold pieces.

Inventory:

Hand Weapons
 a - a +2 spectral war axe (weapon)
Missiles
 d - 3 curare-tipped darts (quivered)
Armour
 b - a +1 scale mail (worn)
 c - a +0 kite shield (worn)
 n - a +1 cloak (worn)
 o - the +3 ring mail "Vini" {rElec MP-9 Int+2}
   (You found it on level 5 of the Dungeon)

   It affects your intelligence (+2).
   It insulates you from electricity.
   It affects your magic capacity (-9).
Jewellery
 h - a ring of fire
 s - the amulet "Veguneygg" (around neck) {Regen+ Slay+2}
   (You found it on level 6 of the Dungeon)

   [amulet of regeneration]

   It affects your accuracy and damage with ranged weapons and melee attacks
   (+2).
   It increases your rate of health regeneration.
 u - a ring of willpower (left hand)
 x - an amulet of the acrobat
Wands
 j - a wand of iceblast (30)
 t - a wand of flame (4)
 y - a wand of polymorph (23)
 z - a wand of mindburst (11)
Scrolls
 e - 7 scrolls of teleportation
 l - 7 scrolls of noise
 v - a scroll of fear
 w - 3 scrolls of amnesia
 D - a scroll of summoning
 E - 2 scrolls of identify
Potions
 f - 2 potions of flight
 g - 4 potions of attraction
 i - a potion of cancellation
 k - 3 potions of lignification
 m - 2 potions of mutation
 p - 2 potions of curing
 r - 3 potions of brilliance
 B - a potion of magic
 C - a potion of degeneration
 F - a potion of invisibility


   Skills:
 + Level 13.1 Fighting
 * Level 18.4 Axes
 - Level 3.2 Armour
 - Level 3.2 Shields
 + Level 10.9 Invocations


You had 11 spell levels left.
You didn't know any spells.
Your spell library contained the following spells:

 Spells                   Type           Power      Damage    Failure   Level
 Animate Skeleton         Necr           0%         N/A       99%         1
 Apportation              Tloc           0%         N/A       99%         1
 Corona                   Hex            0%         N/A       99%         1
 Magic Dart               Conj           0%         1d3       99%         1
 Summon Small Mammal      Summ           0%         N/A       99%         1
 Blink                    Tloc           N/A        N/A       100%        2
 Call Imp                 Summ           0%         N/A       100%        2
 Slow                     Hex            0%         N/A       100%        2
 Call Canine Familiar     Summ           0%         N/A       100%        3
 Conjure Flame            Conj/Fire      0%         6-21      100%        3
 Mephitic Cloud           Conj/Pois/Air  0%         N/A       100%        3
 Summon Guardian Golem    Hex/Summ       0%         N/A       100%        3
 Summon Ice Beast         Ice/Summ       0%         N/A       100%        4
 Summon Lightning Spire   Summ/Air       0%         N/A       100%        4


Dungeon Overview and Level Annotations

Branches:
Dungeon (11/15)            Temple (1/1) D:6            Lair (2/6) D:11
    Orc (0/2) D:10          Sewer (visited)         Ossuary (visited)
  IceCv (1/1)
  Swamp: Lair:2-4    Shoals: Lair:2-4     Snake: Lair:2-4    Spider: Lair:2-4

Altars:
Ashenzari
Cheibriados
Dithmenos
Elyvilon
Fedhas
Gozag
Hepliaklqana
Kikubaaqudgha
Makhleb
Nemelex Xobeh
Okawaru
Qazlal
Ru
Sif Muna
Trog
Uskayaw
Vehumet
Wu Jian
Xom
Yredelemnul
Zin
The Shining One

Shops:
D:1 (   D:8 [

Annotations:
D:3 exclusion: statue
D:9 2 transporters, Scuka's ghost, novice MiBe
D:11 3 runed translucent doors, exclusion: 2 orange crystal statues IceCv exclusion: ice statue


Message History

The ice statue gestures.
You swap places.
The ice beast sets off the alarm!
The alarm trap emits a blaring wail!
A sentinel's mark forms upon you.
You hear a shout!
The ice beast hits you but does no damage.
You hit the ice statue but do no damage.
You closely miss the ice beast.
Your orange demon stings the ice beast from afar!
The ice statue gestures at you. The freezing blast engulfs you!
The ice beast barely misses you.
You slash the ice statue!
The ice statue is moderately damaged.
You barely miss the ice beast.
You are engulfed in freezing vapours.
Your orange demon is engulfed in freezing vapours.
Your orange demon stings the ice beast from afar.
The ice statue gestures at you. The freezing blast engulfs you!!
The ice beast hits you but does no damage.
You slash the ice statue!
The ice statue is moderately damaged.
You slash the ice beast!
You are engulfed in freezing vapours.
Your orange demon is engulfed in freezing vapours.
Your orange demon stings the ice beast from afar!
The ice beast dies!
The ice statue gestures at you. The bolt of cold hits you!!!
* * * LOW HITPOINT WARNING * * *
You hit the ice statue but do no damage.
The ice statue is moderately damaged.
Your spectral weapon hits the ice statue!
Your spectral weapon hits the ice beast!
You are engulfed in freezing vapours.
* * * LOW HITPOINT WARNING * * *
The ice beast hits your spectral weapon but does no damage.
Your orange demon is engulfed in freezing vapours.
Your orange demon stings the ice statue from afar!
The ice statue gestures at you. The bolt of cold hits you!!
You die...

#.#.'.......'.#.#
#'######'######'#
#...............#
####8.#####.8####
##.# #.## #.# #.#
#.# #§# #○##+##.#
#°°Y(@4☼#
####8#### ##


You could see an ice statue (ally target), an ice beast (summoned), a friendly
orange demon (summoned) and a friendly +2 spectral war axe (summoned).

Vanquished Creatures
  Erica (D:9)
  A two-headed ogre (D:8)
  Nergalle (D:11)
  Pikel (D:7)
  A lindwurm (D:10)
  A black mamba (Lair:1)
  4 centaur zombies
  2 ice statues (IceCv)
  3 cane toads
  Maggie (D:6)
  An unseen horror (D:10)
  2 rime drakes (Lair:2)
  A komodo dragon (D:11)
  9 ice devils (IceCv)
  4 trolls
  4 slime creatures (D:11)
  2 hornets (D:9)
  A water elemental (D:11)
  A wraith (D:11)
  15 yaks
  A steam dragon (D:8)
  An acid dragon (D:11)
  3 water moccasins
  An orc warrior (D:7)
  2 ice beasts
  2 sky beasts
  3 necrophages
  2 black bears
  4 wolves (D:11)
  3 ogres
  9 centaurs
  4 lemures (D:7)
  2 phantoms
  6 kobold brigands
  3 bullfrogs
  A scorpion (D:5)
  A gnoll sergeant (D:8)
  6 killer bees
  3 electric eels (D:11)
  5 wights (D:9)
  2 howler monkeys
  4 crimson imps (D:10)
  3 draconian simulacra (IceCv)
  3 hounds (D:11)
  2 jellies (D:6)
  2 bullfrog skeletons
  A centaur skeleton (D:7)
  An orc priest (D:8)
  A gnoll shaman (D:7)
  4 iguanas
  5 orc wizards
  2 spriggan simulacra (IceCv)
  A troll simulacrum (IceCv)
  3 mummies (Ossuary)
  A howler monkey zombie (D:9)
  9 gnolls
  A howler monkey skeleton (D:4)
  16 adders
  3 naga simulacra (IceCv)
  An ogre simulacrum (IceCv)
  A shadow imp (D:6)
  A white imp (D:7)
  An adder skeleton (D:4)
  2 adder zombies (Ossuary)
  2 worms (Sewer)
  A dart slug (D:2)
  29 orcs
  13 ball pythons
  6 bats
  7 endoplasms
  6 giant cockroaches
  5 goblins
  5 hobgoblins
  2 jackals (D:1)
  19 kobolds
  2 quokkas
  5 goblin zombies (Ossuary)
  3 hobgoblin zombies (Ossuary)
  3 kobold zombies (Ossuary)
  2 quokka zombies (Ossuary)
  7 rats
  3 rat zombies (Ossuary)
308 creatures vanquished.

Vanquished Creatures (collateral kills)
  A hydra (Lair:1)
1 creature vanquished.

Vanquished Creatures (others)
  An orc wizard (D:6)
  2 orcs (D:6)
  7 fungi
  35 plants
45 creatures vanquished.

Grand Total: 354 creatures vanquished

Notes
Turn   | Place    | Note
-------+----------+-------------------------------------------
     0 | D:1      | kae the Hill Orc Fighter began the quest for the Orb.
     0 | D:1      | Reached XP level 1. HP: 19/19 MP: 1/1
    23 | D:1      | Reached skill level 3 in Axes
   265 | D:1      | Reached XP level 2. HP: 27/27 MP: 2/2
   851 | D:1      | Found Qaqev's Weapon Shop.
   952 | D:1      | Reached skill level 4 in Axes
   985 | D:1      | Reached XP level 3. HP: 33/33 MP: 3/3
  1165 | D:1      | Found a faded altar of an unknown god.
  2030 | D:3      | Found a radiant altar of Vehumet.
  2030 | D:3      | Noticed a frost-covered statue
  2030 | D:3      | Noticed a centaur
  2043 | D:3      | Killed a centaur
  2044 | D:3      | Reached skill level 5 in Axes
  2044 | D:3      | Reached XP level 4. HP: 15/41 MP: 4/4
  2044 | D:3      | Reached XP level 5. HP: 18/47 MP: 5/5
  2237 | D:3      | Reached skill level 6 in Axes
  2472 | D:3      | Reached skill level 5 in Fighting
  3176 | D:4      | Noticed an ogre
  3179 | D:4      | Killed an ogre
  3180 | D:4      | Reached skill level 7 in Axes
  3180 | D:4      | Reached XP level 6. HP: 14/56 MP: 6/6
  3188 | D:4      | Found a sand-covered staircase.
  3288 | Ossuary  | Entered an ossuary
  4199 | D:5      | Entered Level 5 of the Dungeon
  4294 | D:5      | Noticed an ice beast
  4301 | D:5      | Reached skill level 8 in Axes
  4301 | D:5      | Reached XP level 7. HP: 54/63 MP: 7/7
  4329 | D:5      | HP: 3/63 [ice beast (10)]
  4399 | D:5      | Identified the +3 ring mail "Vini" {rElec MP-9 Int+2}
  4492 | D:5      | Reached skill level 9 in Axes
  4519 | D:5      | Reached XP level 8. HP: 27/73 MP: 8/8
  4525 | D:5      | Found a glowing drain.
  4551 | Sewer    | Entered a sewer
  5136 | Sewer    | Reached skill level 10 in Axes
  6111 | D:5      | Reached skill level 11 in Axes
  6446 | D:5      | Found a bloodstained altar of Trog.
  6619 | D:6      | Identified the amulet "Veguneygg" {Regen+ Slay+2}
  6691 | D:6      | Reached skill level 12 in Axes
  6691 | D:6      | Reached XP level 9. HP: 61/82 MP: 9/9
  6899 | D:6      | Found a staircase to the Ecumenical Temple.
  6932 | Temple   | Entered the Ecumenical Temple
  7113 | Temple   | Became a worshipper of Makhleb the Destroyer
  7357 | D:6      | Noticed Maggie
  7676 | D:6      | Reached skill level 1 in Invocations
  7777 | D:6      | Killed Maggie
  7837 | D:6      | Reached skill level 13 in Axes
  8159 | D:7      | Reached * piety under Makhleb
  8266 | D:7      | You fall into a shaft and drop 2 floors!
  8557 | D:7      | Reached XP level 10. HP: 93/93 MP: 13/13
  8578 | D:7      | Noticed Pikel
  8605 | D:7      | Killed Pikel
  8606 | D:7      | Reached skill level 10 in Fighting
  8606 | D:7      | Reached skill level 14 in Axes
  8606 | D:7      | Reached skill level 5 in Invocations
  8915 | D:8      | Found a hide-covered altar of Uskayaw.
  8915 | D:8      | Noticed a +0 hand axe
  8915 | D:8      | Noticed a +0 dagger
  8994 | D:8      | Found Nobir's Armour Boutique.
  9018 | D:8      | Found a shimmering blue altar of Sif Muna.
  9249 | D:8      | Noticed a two-headed ogre
  9260 | D:8      | Killed a two-headed ogre
  9771 | D:9      | Reached ** piety under Makhleb
  9838 | D:9      | Reached skill level 15 in Axes
 10067 | D:9      | Found a snail-covered altar of Cheibriados.
 10105 | D:9      | Found a transporter.
 10106 | D:9      | Found a transporter.
 10106 | D:9      | Noticed Scuka's ghost (novice MiBe)
 10107 | D:9      | Noticed a centaur warrior
 10188 | D:9      | Noticed Erica
 10201 | D:9      | HP: 5/114 [Erica/+4 scimitar of flaming (7)]
 10204 | D:9      | Killed Erica
 10205 | D:9      | Reached XP level 11. HP: 8/102 MP: 16/16
 10549 | D:10     | Entered Level 10 of the Dungeon
 10564 | D:10     | Noticed a two-headed ogre
 10574 | D:10     | Noticed a lindwurm
 10574 | D:10     | a two-headed ogre changed into a lindwurm
 10581 | D:10     | Killed a lindwurm
 10698 | D:10     | Reached skill level 16 in Axes
 10945 | D:10     | Found a staircase to the Orcish Mines.
 10986 | D:10     | Found a shimmering altar of Xom.
 11182 | D:11     | Found a runed translucent door.
 11216 | D:11     | Noticed Nergalle
 11225 | D:11     | Killed Nergalle
 11341 | D:11     | Found the +10 tower shield of Ignorance {rN+ Int-4}
 11347 | D:11     | Found a runed translucent door.
 11625 | D:11     | Reached skill level 17 in Axes
 11749 | D:11     | Found a staircase to the Lair.
 11753 | D:11     | Reached *** piety under Makhleb
 11800 | D:11     | Reached XP level 12. HP: 112/112 MP: 19/19
 11909 | D:11     | Noticed a centaur warrior
 11912 | D:11     | Found a runed translucent door.
 11912 | D:11     | Noticed a boulder beetle
 11913 | D:11     | Noticed a tengu warrior
 11913 | D:11     | Noticed an ettin
 11913 | D:11     | Noticed a five-headed hydra
 11914 | D:11     | Noticed a centaur warrior
 11914 | D:11     | Noticed a two-headed ogre
 12308 | Lair:1   | Entered Level 1 of the Lair of Beasts
 12322 | Lair:1   | Noticed a seven-headed hydra
 12513 | Lair:1   | Killed a seven-headed hydra
 12568 | Lair:1   | Reached skill level 10 in Invocations
 13376 | Lair:2   | Found a frozen archway.
 13388 | IceCv    | Entered an ice cave
 13405 | IceCv    | Reached skill level 18 in Axes
 13954 | IceCv    | Killed from afar by an ice statue

Illustrated notes

Levels and vault maps discovered:
D:1:      minmay_arrival_four_houses, layout_loops_corners,
          shapermc_ecumenical_altar_mp_urbaneastern, serial_shops,
          nicolae_shop_stone
D:2:      cheibrodos_old_hovel, layout_loops_ring, st_stairs_10
D:3:      layout_rooms, vehumet_statue
D:4:      layout_loops_cross, nicolae_ossuary_entry_monument
D:5:      layout_basic, trog_butcher_becter, gup_sewer_entry_glass
D:6:      layout_loops_ring, minmay_temple_entry_wispy, serial_bayou_ford_a,
          uniq_maggie
D:7:      layout_rooms, uniq_pikel
D:8:      layout_cave_pods, dancing_weapons_uskayaw, general_overflow_altar,
          serial_shops, shop
D:9:      layout_irregular_city, old_standard_altar, gammafunk_ghost_arena,
          uniq_erica
D:10:     statuecave_lemuel, layout_rooms, led_xom_imps, orc_0_dummy
D:11:     minmay_statue_hallways, layout_long_grid, erik_lair_island,
          minmay_misc_feat_nine_boxes, minmay_st_funbox, st_stairs_12,
          chequers_guarded_unrand_ignorance, uniq_nergalle
Temple:   eino_temple_rhombus
Lair:1:   layout_hall_layers, grunt_megastairs_3
Lair:2:   layout_long_grid, minmay_swamp_entry_worms, portal_ice_cave_rime,
          serial_rivers, chequers_serial_rivers_marsh,
          chequers_serial_rivers_small_3, chequers_serial_rivers_marsh,
          chequers_serial_rivers_micro_c, chequers_serial_rivers_small_b
IceCv:    ice_cave_tombish

Skill      XL: |  1  2  3  4  5  6  7  8  9 10 11 12 |
---------------+-------------------------------------+-----
Axes           | 3 4 5 7 8 9 12 13 15 17 18 | 18.4
Fighting       | 4 5 6 7 8 9 11 12 13 | 13.1
Invocations    | 4 7 9 10 | 10.9
Armour         | |  3.2
Shields        | |  3.2

Action                   |  1- 3 |  4- 6 |  7- 9 | 10-12 || total
-------------------------+-------+-------+-------+-------++-------
Melee: War axe           |   130 |   138 |   397 |   434 ||  1099
Invok: Minor Destruction |       |       |       |    10 ||    10
       Lesser Servant of |       |       |       |     2 ||     2
Evoke: Wand              |       |       |     6 |    19 ||    25
  Use: Scroll            |     1 |    13 |     3 |    14 ||    31
       Potion            |       |       |     6 |     3 ||     9
 Stab: Distracted        |       |       |       |     3 ||     3
Armor: Scale mail        |    74 |    34 |   137 |   121 ||   366
       Skin              |       |       |       |     2 ||     2
Dodge: Dodged            |    39 |    39 |   108 |   112 ||   298
Block: Kite shield       |    63 |    57 |   158 |   184 ||   462

Table legend: (Time is in decaauts)
 A = Elapsed time spent in this place.
 B = Non-inter-level travel time spent in this place.
 C = Inter-level travel time spent in this place.
 D = Time resting spent in this place.
 E = Time spent auto-exploring this place.
 F = Levels seen in this place.
 G = Mean time per level.
                   A        B        C        D        E       F      G
               +--------+--------+--------+--------+--------+-----+--------+
         Total |  14305 |  13701 |    604 |   2109 |   9033 |  17 |  841.5 |
       Dungeon |  10393 |   9826 |    567 |   1270 |   6683 |  11 |  944.8 |
        Temple |    197 |    182 |     15 |      0 |    177 |   1 |  197.0 |
          Lair |    928 |    907 |     21 |      0 |    787 |   2 |  464.0 |
         Sewer |   1710 |   1710 |      0 |    491 |    961 |   1 | 1710.0 |
       Ossuary |    527 |    527 |      0 |    259 |    172 |   1 |  527.0 |
      Ice Cave |    548 |    548 |      0 |     89 |    252 |   1 |  548.0 |
               +--------+--------+--------+--------+--------+-----+--------+

Top non-repeatable levels by time:
   Sewer: 1710 daAuts
     D:6: 1361 daAuts
     D:1: 1299 daAuts
    D:11: 1290 daAuts
     D:4: 1018 daAuts
     D:8: 942 daAuts
     D:5: 922 daAuts
     D:9: 852 daAuts
     D:2: 774 daAuts
     D:3: 700 daAuts
    D:10: 616 daAuts
     D:7: 614 daAuts
   IceCv: 548 daAuts
 Ossuary: 527 daAuts
  Lair:2: 484 daAuts
